 Dungeon Crawl Stone Soup version 0.18-a0-1395-gb527cc9 (webtiles) character file.

28 KINGKRU the Chiller (level 2, 0/20 HPs)
             Began as a Demigod Ice Elementalist on Feb 23, 2016.
             Slain by a rat (1 damage)
             ... on level 2 of the Dungeon.
             The game lasted 00:05:38 (815 turns).

KINGKRU the Chiller (Demigod Ice Elementalist)       Turns: 815, Time: 00:05:38

Health: 0/20       AC:  7    Str: 11    XL:     2   Next: 78%
Magic:  0/7        EV: 12    Int: 19    God:
Gold:   16         SH:  5    Dex: 16    Spells: 2 memorised, 2 levels left

rFire  . . .     SeeInvis .     (no weapon)
rCold  . . .     Gourm    .     a - +0 robe
rNeg   . . .     Faith    .     (no shield)
rPois  .         Spirit   .     (no helmet)
rElec  .         Dismiss  .     (no cloak)
rCorr  .         Reflect  +     (no gloves)
SustAt +         Harm     .     (no boots)
MR     .....                    d - +5 amulet of reflection
Stlth  ++........               (no ring)
                                e - +5 ring of protection

@: not resistant to hostile enchantments, unstealthy
A: high mp 1, sustain attributes
a: no special abilities


You were on level 2 of the Dungeon.
You were not hungry.

You visited 1 branch of the dungeon, and saw 2 of its levels.

You collected 16 gold pieces.

Inventory:

Armour
 a - a +0 robe (worn)
Jewellery
 d - a +5 amulet of reflection (around neck)
 e - a +5 ring of protection (left hand)
Books
 b - a book of Frost

   Spells                             Type                      Level
   a - Freeze                         Ice                          1
   b - Throw Frost                    Conjuration/Ice              2
   c - Ozocubu's Armour               Charms/Ice                   3
   d - Throw Icicle                   Conjuration/Ice              4
   e - Summon Ice Beast               Ice/Summoning                4
Comestibles
 c - a bread ration


   Skills:
 + Level 2.0 Dodging
 + Level 1.9 Stealth
 + Level 2.3 Spellcasting
 + Level 0.8 Conjurations
 + Level 3.1 Ice Magic


You had 2 spell levels left.
You knew the following spells:

 Your Spells              Type           Power        Failure   Level  Hunger
a - Freeze                Ice            ##..         6%          1    #......
b - Throw Frost           Conj/Ice       #.....       12%         2    ##.....


Dungeon Overview and Level Annotations

Branches:
Dungeon (2/15)

Annotations:
D:2 Robin


Innate Abilities, Weirdness & Mutations

You have an increased reservoir of magic (+10% MP).
Your attributes are resistant to harm.


Message History

The rat is heavily wounded.
The hobgoblin misses you.
The hobgoblin hits you but does no damage.
The goblin misses you.
Robin says, "Bow before me, strongest of all the hobgoblins!"
The rat barely misses you. The rat completely misses you.
You hit the rat.
You kill the rat!
The hobgoblin hits you but does no damage. x2
The goblin closely misses you. The rat misses you.
You hit the hobgoblin but do no damage. The hobgoblin barely misses you.
You block the hobgoblin's attack. The goblin hits you but does no damage.
The hobgoblin closely misses you. The rat closely misses you.
Robin barely misses you.
You hit the hobgoblin.
The hobgoblin is lightly wounded.
The hobgoblin closely misses you. The hobgoblin hits you with a club.
* * * LOW HITPOINT WARNING * * *
The goblin barely misses you. The rat bites you.
You die...

......... .......
...... #....# #....#
#.... .####.gr###.#
#.....g@g..#
##.##ggg#.## #..g.
.# ####.#...(## #
###.....##...# ##
#<..# #...##..###
#)########.#........
#.............###...
########.#.#..#


You could see Robin, 4 hobgoblins, 2 goblins and a rat.

Vanquished Creatures
  A dart slug (D:1)
  2 giant cockroaches (D:1)
  5 goblins
  8 hobgoblins
  4 kobolds
  2 rats
22 creatures vanquished.

Notes
Turn   | Place    | Note
--------------------------------------------------------------
     0 | D:1      | KINGKRU the Demigod Ice Elementalist began the quest for the Orb.
     0 | D:1      | Reached XP level 1. HP: 14/14 MP: 5/5
   347 | D:1      | Reached XP level 2. HP: 18/20 MP: 5/7
   353 | D:1      | Learned a level 2 spell: Throw Frost
   765 | D:2      | Noticed an air elemental
   767 | D:2      | Found a stormy altar of Qazlal.
   768 | D:2      | Noticed Robin
   771 | D:2      | Reached skill level 3 in Ice Magic
   815 | D:2      | HP: 1/20 [hobgoblin/club[Robin] (1)]
   815 | D:2      | Slain by a rat

Vault maps used:
D:1:      nagdon_arrival_double_spiral, hex_medium, roderic_serpentine_path,
          nicolae_ashenzari_panopticon
D:2:      grunt_pakellas_sulfur, nicolae_ru_awakened_eye,
          nicolae_qazlal_style_of_elements, uniq_natasha, uniq_robin

Skill      XL: |  1  2 |
---------------+-------+-----
Spellcasting   | 2 |  2.3
Dodging        | 2 |  2.0
Ice Magic      | 3 |  3.1
Stealth        | |  1.9
Conjurations   | |  0.8

Action                   || total
-------------------------++-------
Melee: Unarmed           ||    20
 Cast: Freeze            ||    24
       Throw Frost       ||     9
  Use: Scroll            ||     3
       Potion            ||     1
